cohdb
Replays
Latest Replays
All Replays
Popular Replays
Top Player Replays
Match Explorer
How It Works
Community
CoH3 Stats
Reddit
Sign in to upload your games and track your stats! →
Sign in with Steam
Match 43298501
Unlisted
Match 43298501
Overview
Messages
Build Orders
End
Selects Italian Coastal Battlegroup
Selects Italian Coastal Battlegroup
Selects Coastal Reserves
Coastal Reserve
Construct Infanterie Kompanie
MG 42 Machine Gun Team
GrW 34 Mortar Team
Coastal Reserve
Construct Luftwaffe Kompanie
Jäger Squad
Selects Support Bunkers
Support Elements
Jäger Squad
Medical Station
Selects Rapid Fortifications
Wirbelwind Flakpanzer
Pioneer Squad
Construct Panzergrenadier Kompanie
Nebelwerfer 42 Rocket Launcher Team
Selects Bulwark
Selects Artillery Officer
Rapid Fortifications
MG 42 Bunker
Construct Panzer Kompanie
Rapid Fortifications
Anti-tank Bunker
Selects Coastal Wall
Panzer IV Medium Tank
Rapid Fortifications
Jäger Squad
Rapid Fortifications
Anti-tank Bunker
Panzer IV Medium Tank
Jäger Squad
Rapid Fortifications
Anti-tank Bunker
Anti-tank Bunker
Panzer IV Medium Tank
Rapid Fortifications
detahaven
TheWolf
BeeRye
TheSlothInChargeOfEconomy
0
0
Comments
sign in to comment!
No comments posted yet!